Map: Darkness Sanctuary LE

Players

MaNa - Winner!

  • Race: Protoss Protoss
  • Spawn Location: 5:00

uThermal

  • Race: Terran Terran
  • Spawn Location: 11:00

Event: WCS Austin 2018

VOD

Have the link to the VOD?

Description

Time

  • Played on: June 1, 2018, 11:30 p.m.
  • Length: 16:07

All games in this series

Show
View Real Time Build Order
Export as new Build Order

MaNa Protoss - Winner!

Build Orders: 1 Gate Expand, Oracle Opening 

Get SALT Encoding   

  12  0:00  Probe  
  13  0:12  Probe  
  14  0:17  Pylon  
  14  0:24  Probe  
  15  0:32  Probe  
  15  0:37  Gateway  
  15  0:40  Probe  
  16  0:47  Assimilator  
  17  0:50  Probe  
  18  0:58  Probe  
  19  1:06  Probe  
  20  1:22  Nexus  
  20  1:32  Cybernetics Core  
  20  1:36  Probe  
  21  1:44  Assimilator  
  21  1:48  Probe  
  21  1:52  Pylon  
  22  2:00  Probe  
  22  2:01  Stalker  
  23  2:09  Warp Gate  
  23  2:13  Probe  
  26  2:24  Probe  
  26  2:29  Stargate  
  27  2:32  Probe  
  27  2:34  Probe  
  29  2:37  Adept  
  29  2:40  Probe  
  31  2:46  Probe  
  33  2:51  Probe  
  33  2:58  Probe  
  35  3:03  Oracle, Probe  
  35  3:10  Probe  
  36  3:15  Probe  
  42  3:22  Probe  
  42  3:25  Gateway x2  
  41  3:27  Probe  
  41  3:28  Stalker  
  44  3:36  Pylon, Probe  
  44  3:39  Probe  
  46  3:50  Pylon  
  46  3:54  Probe x2  
  48  4:06  Probe x2, Nexus  
  48  4:09  Oracle  
  53  4:18  Probe x2  
  53  4:23  Sentry  
  57  4:25  Robotics Facility  
  57  4:28  Shield Battery  
  57  4:30  Probe x2  
  59  4:32  Assimilator  
  59  4:33  Zealot  
  59  4:34  Assimilator  
  61  4:38  Pylon  
  61  4:43  Forge  
  61  4:44  Probe  
  62  4:52  Pylon  
  62  4:56  Probe  
  62  4:58  Stalker x3  
  69  5:01  Immortal  
  69  5:11  Shield Battery  
  73  5:22  Stalker, Zealot x2  
  73  5:23  Probe  
  73  5:24  Probe  
  73  5:25  Probe  
  82  5:35  Probe  
  82  5:37  Protoss Ground Weapons Level 1, Probe  
  82  5:39  Immortal  
  82  5:41  Probe  
  85  5:46  Zealot  
  85  5:48  Probe  
  85  5:49  Probe  
  93  6:00  Twilight Council  
  93  6:02  Robotics Bay  
  93  6:14  Pylon  
  93  6:17  Observer  
  93  6:18  Probe x3  
  93  6:20  Pylon  
  91  6:26  Charge  
  91  6:30  Probe x2, Photon Cannon  
  93  6:35  Gateway  
  93  6:36  Observer  
  93  6:37  Zealot x2, Gateway  
  93  6:39  Probe  
  98  6:40  Gateway  
  98  6:46  Colossus  
  99  6:47  Photon Cannon  
  99  7:00  Gateway  
  99  7:01  Gateway  
  105  7:04  Gateway  
  105  7:05  Probe x2  
  105  7:06  Shield Battery  
  105  7:07  Probe  
  108  7:11  Pylon  
  108  7:16  Shield Battery  
  108  7:21  Protoss Ground Armor Level 1  
  108  7:22  Probe  
  108  7:29  Stalker  
  110  7:30  Stalker x2, Forge  
  110  7:34  Assimilator x2  
  110  7:36  Extended Thermal Lance  
  114  7:37  Probe x2  
  114  7:38  Probe  
  114  7:43  Pylon  
  114  7:44  Observer  
  117  7:45  Pylon  
  114  7:59  Protoss Ground Weapons Level 2  
  114  8:01  Colossus, Zealot x3  
  114  8:02  Zealot x2  
  114  8:04  Probe  
  122  8:07  Probe  
  122  8:10  Observer  
  122  8:11  Probe  
  104  8:17  Blink  
  100  8:21  Probe  
  100  8:22  Zealot x3  
  105  8:27  Probe x2  
  105  8:29  Sentry x2  
  105  8:33  Stalker, Probe  
  105  8:34  Stalker  
  116  8:37  Stalker  
  118  8:42  Photon Cannon  
  118  8:46  Colossus  
  118  8:48  Photon Cannon  
  118  8:53  Zealot  
  126  8:59  Stalker x2  
  130  9:09  Protoss Ground Armor Level 2, Zealot  
  132  9:13  Pylon  
  132  9:15  Pylon  
  132  9:16  Pylon  
  132  9:27  Pylon  
  132  9:30  Dark Shrine  
  132  9:34  Zealot x2, Stalker x3  
  132  9:37  Pylon  
  141  9:47  Immortal  
  141  9:49  Stalker  
  141  9:50  Stalker x2  
  151  10:02  Pylon  
  151  10:08  Nexus  
  151  10:11  Pylon  
  151  10:16  Zealot x6  
  161  10:22  Zealot x2  
  165  10:39  Shield Battery, Photon Cannon  
  165  10:40  Zealot x4  
  173  10:49  Zealot x3  
  169  10:50  Zealot  
  169  10:52  Immortal  
  159  11:00  Zealot  
  159  11:01  Zealot x2, Protoss Ground Weapons Level 3  
  161  11:04  Templar Archives  
  161  11:09  Protoss Ground Armor Level 3  
  159  11:11  Dark Templar x2  
  159  11:16  Probe x2  
  159  11:17  Phoenix  
  167  11:30  Zealot  
  167  11:31  Observer  
  169  11:35  Zealot  
  169  11:36  Zealot  
  174  11:41  High Templar x3  
  174  11:42  High Templar  
  174  11:45  Archon  
  174  11:47  Archon  
  182  11:55  Stalker x3  
  182  11:56  Observer  
  157  12:09  Dark Templar  
  157  12:12  Dark Templar  
  157  12:13  Zealot x2  
  156  12:20  Pylon  
  156  12:21  Pylon  
  154  12:23  Psionic Storm  
  154  12:28  Pylon  
  152  12:32  Stalker x2  
  156  12:40  Assimilator  
  156  12:42  High Templar x2  
  156  12:43  Zealot x2, High Templar  
  166  12:46  Nexus  
  166  12:54  Stalker x2  
  166  12:55  Stalker  
  170  13:00  Dark Templar  
  172  13:14  Stalker x2  
  172  13:15  Stalker  
  178  13:21  Pylon  
  178  13:22  Stalker  
  180  13:31  Pylon  
  179  13:42  Stalker x4  
  179  13:55  Zealot, Dark Templar x2  
  179  13:58  High Templar  
  181  14:02  Archon  
  181  14:03  Zealot  
  171  14:11  Zealot x3  
  166  14:20  Zealot x2  
  161  14:24  Dark Templar  
  161  14:30  Dark Templar  
  155  14:31  Dark Templar  
  146  14:41  Zealot, High Templar x2  
  146  14:42  Zealot  
  151  14:48  Observer  
  151  14:50  Zealot, Dark Templar  
  153  14:57  Observer  
  153  14:58  Probe x4  
  155  15:07  Stalker  
  155  15:08  Stalker  
  155  15:12  Zealot  
  161  15:17  Pylon  
  161  15:30  Archon  
  161  15:31  Zealot x2  
  164  15:36  Zealot x2, Dark Templar  
  169  15:46  Dark Templar x2  
  158  16:05  Archon  
Show
View Real Time Build Order
Export as new Build Order

uThermal Terran 

Build Orders: Reaper Expand, MMM Bio 

Get SALT Encoding   

  12  0:01  SCV  
  13  0:13  SCV  
  14  0:17  Supply Depot  
  14  0:25  SCV  
  15  0:38  SCV  
  15  0:40  Barracks  
  16  0:44  Refinery  
  16  0:50  SCV  
  17  1:03  SCV  
  18  1:15  SCV  
  19  1:27  Orbital Command, Reaper  
  20  1:40  Command Center  
  20  1:53  SCV  
  21  1:56  Barracks  
  21  2:01  Barracks Reactor  
  21  2:05  SCV  
  22  2:10  Supply Depot  
  22  2:17  SCV  
  22  2:18  Engineering Bay  
  23  2:31  SCV  
  24  2:37  Marine x2  
  24  2:43  SCV  
  24  2:44  Terran Infantry Weapons Level 1, Barracks Tech Lab  
  26  2:52  Orbital Command  
  26  2:55  SCV  
  26  2:56  Marine x2  
  29  3:04  Marine  
  30  3:07  SCV  
  30  3:09  Stimpack  
  31  3:14  Marine x2  
  31  3:18  SCV  
  35  3:20  SCV  
  35  3:21  Marine  
  35  3:25  Barracks  
  36  3:30  SCV  
  36  3:31  Marine  
  36  3:32  Marine  
  36  3:34  SCV  
  40  3:40  Missile Turret  
  39  3:41  Supply Depot  
  39  3:42  SCV  
  39  3:43  Marauder  
  39  3:46  SCV  
  43  3:49  Marine x2  
  43  3:53  Bunker  
  45  3:57  SCV  
  45  3:59  Supply Depot  
  46  4:03  SCV  
  46  4:05  Marauder  
  46  4:07  Marine x2  
  52  4:10  SCV  
  52  4:12  Supply Depot  
  52  4:15  Refinery, SCV  
  52  4:19  Barracks Tech Lab  
  52  4:22  SCV  
  53  4:26  Marine  
  53  4:27  Marauder, Marine, SCV  
  53  4:31  Missile Turret  
  58  4:34  SCV  
  58  4:37  Combat Shields  
  58  4:38  Marauder  
  61  4:41  SCV  
  61  4:44  Refinery  
  62  4:47  Supply Depot, Marine x2  
  62  4:48  Marine  
  62  4:51  SCV  
  66  4:56  SCV  
  66  4:59  Marine  
  67  5:04  SCV, Factory  
  67  5:07  Marauder  
  70  5:09  Supply Depot, SCV  
  70  5:10  Marine x2  
  73  5:14  Terran Infantry Armor Level 1  
  73  5:17  Marine  
  73  5:19  SCV  
  75  5:27  Command Center  
  75  5:31  Marauder, Marine  
  75  5:33  Concussive Shells  
  75  5:34  SCV  
  79  5:38  Refinery  
  79  5:43  SCV  
  79  5:46  SCV  
  79  5:48  Starport, Factory Reactor  
  79  5:49  Marine  
  82  5:51  Marine  
  83  5:57  Marine x2  
  85  6:05  Armory, Engineering Bay, SCV  
  86  6:13  Supply Depot  
  86  6:15  Marine  
  87  6:22  Marauder, Marine  
  87  6:23  Marauder, SCV  
  93  6:28  SCV  
  93  6:31  Factory Reactor  
  94  6:35  Medivac x2  
  94  6:36  Supply Depot, SCV  
  94  6:37  Marine  
  94  6:39  Supply Depot  
  100  6:41  SCV  
  100  6:44  Marine  
  100  6:46  Marine  
  103  6:48  SCV  
  103  6:54  SCV, Terran Infantry Weapons Level 2  
  105  6:57  Marine  
  105  7:00  SCV  
  107  7:05  Medivac x2  
  107  7:06  SCV  
  112  7:12  SCV  
  113  7:18  Terran Infantry Armor Level 2  
  113  7:19  Marine  
  113  7:20  Marauder, Marine  
  113  7:21  Marauder  
  119  7:23  Orbital Command  
  119  7:26  SCV  
  120  7:32  Barracks  
  120  7:34  SCV  
  120  7:36  Barracks  
  121  7:38  Medivac  
  121  7:39  Medivac  
  121  7:43  SCV  
  126  7:46  SCV  
  126  7:48  Marine  
  126  7:49  Marauder  
  130  7:58  SCV  
  130  8:03  SCV  
  128  8:08  Medivac  
  111  8:12  Medivac  
  111  8:18  Marine  
  111  8:19  Marauder  
  101  8:21  Barracks Tech Lab  
  101  8:23  SCV  
  101  8:24  Refinery, SCV  
  101  8:25  Refinery  
  101  8:26  Barracks Tech Lab  
  102  8:29  Marauder, Marine  
  102  8:31  SCV  
  104  8:36  Marine  
  104  8:37  Command Center  
  104  8:38  Medivac  
  104  8:39  Supply Depot, Marine  
  104  8:40  Marauder, SCV  
  109  8:46  Barracks, Marine  
  109  8:47  Barracks  
  110  8:50  Marauder, Barracks, Marine  
  110  8:52  Medivac  
  110  8:54  Marine  
  116  8:57  Marauder  
  116  9:02  Marauder  
  120  9:04  Marine  
  120  9:08  Marauder, Missile Turret x2  
  123  9:10  Missile Turret  
  123  9:11  Marine  
  123  9:12  Marine  
  123  9:13  Terran Infantry Weapons Level 3  
  125  9:19  Marauder  
  125  9:23  Marauder, Supply Depot, SCV x3  
  131  9:26  Liberator  
  131  9:27  Marine  
  131  9:28  Liberator  
  131  9:29  Marauder, Marine  
  131  9:30  Marine  
  135  9:35  Terran Infantry Armor Level 3, SCV x3, Barracks Tech Lab x2  
  144  9:47  SCV  
  144  9:49  Supply Depot  
  144  9:50  Planetary Fortress  
  144  9:51  Marine x2  
  147  9:54  Marine x2  
  147  9:57  Marauder, Marine  
  152  10:02  Supply Depot  
  152  10:03  Marine  
  152  10:05  Supply Depot  
  153  10:08  SCV  
  153  10:11  Marine  
  153  10:12  Marauder x2, Liberator x2, Supply Depot  
  156  10:22  Marine  
  156  10:23  Marauder x2, Marine  
  162  10:31  Widow Mine  
  168  10:36  Widow Mine  
  168  10:37  Marauder, Marine  
  161  10:55  Liberator x2  
  161  10:56  Marine x2  
  157  10:57  Marauder x4, Marine x2  
  162  11:07  Marine  
  151  11:14  Marine x2  
  151  11:15  Marauder  
  151  11:18  Marauder, Marine x3  
  165  11:19  Ghost Academy  
  165  11:25  Marauder  
  169  11:27  Barracks Reactor, Command Center  
  169  11:32  Marine x2  
  170  11:36  Marauder x2  
  170  11:37  Marauder  
  176  11:40  Marine  
  176  11:41  Marauder, Liberator  
  176  11:43  Supply Depot  
  176  11:47  Marauder  
  177  11:49  Marine, Missile Turret  
  177  11:51  Marine  
  177  11:52  Missile Turret  
  178  11:55  Liberator  
  178  11:57  Marauder  
  179  12:06  Marine  
  179  12:07  Marauder  
  144  12:10  Marauder, Marine x3  
  144  12:11  Marauder  
  144  12:15  SCV x3  
  147  12:17  Marine x2  
  147  12:18  Marine  
  143  12:24  Marine  
  143  12:27  SCV  
  143  12:28  Marauder, Marine  
  148  12:30  Marine  
  148  12:32  Marauder x2, SCV  
  148  12:35  Marauder, Marine, Missile Turret  
  148  12:36  Marauder  
  152  12:39  Marine  
  156  12:48  Missile Turret  
  156  12:50  Marauder  
  157  12:54  Medivac  
  157  12:55  Medivac  
  157  12:56  Marine x2  
  157  12:57  Marauder x3, Marine x2  
  157  12:58  Marauder  
  170  13:01  Building Armor  
  170  13:02  Planetary Fortress  
  170  13:03  Starport, SCV x2  
  172  13:07  SCV  
  173  13:13  Marine  
  173  13:14  Marauder, Marine  
  173  13:18  Marauder  
  179  13:21  Marine  
  179  13:22  Marauder  
  179  13:25  Marine  
  179  13:26  Marauder  
  185  13:28  Medivac x2  
  185  13:29  Marine  
  185  13:30  Marauder  
  185  13:32  Marine  
  185  13:33  Marauder  
  195  13:34  Personal Cloaking  
  154  13:56  Marine  
  154  13:58  Medivac x2, Marine x2  
  154  13:59  Marauder  
  150  14:11  Marine x2  
  150  14:12  Marauder  
  150  14:16  Marauder, Marine  
  150  14:27  Medivac  
  150  14:28  Medivac  
  150  14:29  Marauder, Marine x2  
  150  14:31  Marine x4  
  154  14:33  Marauder, Marine  
  154  14:37  Command Center  
  154  14:38  Marauder  
  140  14:47  Marine x2  
  140  14:48  Marine  
  140  14:49  Marauder x3  
  140  14:50  Marine  
  140  14:51  Marine  
  151  14:55  Marauder  
  151  14:57  Medivac  
  151  14:58  Medivac  
  151  14:59  Marauder  
  156  15:00  SCV x3  
  156  15:01  Command Center, SCV  
  156  15:04  Marine  
  156  15:05  Marine  
  156  15:06  Marine  
  160  15:09  Marauder, Marine  
  160  15:10  Marauder, Marine  
  160  15:11  Marauder  
  168  15:16  Marauder  
  168  15:20  Marine  
  169  15:22  Marine x2  
  169  15:24  Marine  
  169  15:27  Medivac, Marine  
  169  15:28  Medivac  
  175  15:29  Marauder  
  175  15:30  Marauder  
  175  15:31  Marine  
  175  15:32  Marauder  
  175  15:37  Marine  
  175  15:38  Marauder  
  175  15:40  Marine x2  
Tags
 
Add a new tag
Caveats
  • Supply blocks, unpowered buildings, or Contaminate may cause inaccurate times.
  • Supply counts are checked every 10 seconds.